 Dungeon Crawl Stone Soup version 0.27.1-34-g3ba077fa99 (webtiles) character file.

Game seed: 13010837248700818531

2601 ticklebelly the Fighter (level 9, -1/82 HPs)
             Began as a Minotaur Berserker on Jan 1, 2022.
             Was a Priest of Trog.
             Slain by a six-headed hydra (8 damage)
             ... on level 7 of the Dungeon.
             The game lasted 00:23:40 (6449 turns).

ticklebelly the Fighter (Minotaur Berserker)        Turns: 6449, Time: 00:23:40

Health: -1/82      AC: 10    Str: 24    XL:     9   Next: 33%
Magic:  8/8        EV: 10    Int:  4    God:    Trog [***...]
Gold:   315        SH:  0    Dex: 11    Spells: 8/8 levels left

rFire    . . .     SeeInvis .   u - +1 flail (protect)
rCold    . . .     Faith    .   (no shield)
rNeg     . . .     Spirit   .   n - +0 chain mail
rPois    .         Reflect  .   (helmet restricted)
rElec    .         Harm     .   (no cloak)
rCorr    .         Rampage  .   (no gloves)
Will     ++...                  (no boots)
Stlth    ..........             (no amulet)
HPRegen  1.23/turn              (no ring)
MPRegen  0.11/turn              (no ring)

@: strong-willed (expiring), on berserk cooldown, regenerating (expiring),
slowed, very slow
A: horns 2, retaliatory headbutt
a: Renounce Religion, Berserk, Trog's Hand


You were on level 7 of the Dungeon.
You worshipped Trog.
Trog was most pleased with you.
You visited 1 branch of the dungeon, and saw 7 of its levels.

You collected 315 gold pieces.

Inventory:

Hand Weapons
 j - a +0 war axe
 u - a +1 flail of protection (weapon)
Missiles
 z - 3 boomerangs (quivered)
Armour
 l - a +0 buckler
 n - a +0 chain mail (worn)
Wands
 a - a wand of flame (15)
 s - a wand of acid (5)
 y - a wand of charming (4)
 A - a wand of paralysis (6)
Scrolls
 c - 4 scrolls of identify {unknown}
 g - a scroll of acquirement {unknown}
 h - a scroll of blinking {unknown}
 i - a scroll of magic mapping {unknown}
 p - a scroll of noise {unknown}
 q - a scroll of brand weapon {unknown}
 r - a scroll of enchant armour {unknown}
 v - 2 scrolls of immolation {unknown}
 w - a scroll of enchant weapon {unknown}
 B - a scroll of holy word {unknown}
Potions
 b - a potion of invisibility {unknown}
 d - 4 potions of curing {unknown}
 e - a potion of cancellation {unknown}
 f - a potion of berserk rage {unknown}
 k - a potion of mutation {unknown}
 m - 2 potions of degeneration {unknown}
 o - 3 potions of brilliance {unknown}
 t - 2 potions of heal wounds {unknown}
 x - a potion of attraction {unknown}


   Skills:
 + Level 8.5 Fighting
 + Level 8.5 Axes
 - Level 3.0 Throwing
 + Level 7.3 Armour
 + Level 6.7 Dodging
 + Level 1.0 Evocations


You had 8 spell levels left.
You didn't know any spells.
Your spell library was empty.

Dungeon Overview and Level Annotations

Branches:
Dungeon (7/15)             Temple (0/1) D:5

Altars:
Dithmenos
Kikubaaqudgha
Ru
Sif Muna
Vehumet
Wu Jian
The Shining One

Shops:
D:6 =


Innate Abilities, Weirdness & Mutations

You have a pair of horns on your head.
You reflexively headbutt those who attack you in melee.


Message History

A red film seems to cover your vision as you go berserk!
You feel yourself moving faster!
You feel mighty!
The six-headed hydra bites you but does no damage. x2
The six-headed hydra bites you! The six-headed hydra barely misses you.
The six-headed hydra bites you.
The six-headed hydra bites you but does no damage.
You sock the six-headed hydra!
The six-headed hydra is lightly wounded.
The six-headed hydra bites you.
* * * LOW HITPOINT WARNING * * *
The six-headed hydra barely misses you. The six-headed hydra bites you!
* * * LOW HITPOINT WARNING * * *
The six-headed hydra bites you.
* * * LOW HITPOINT WARNING * * *
The six-headed hydra bites you!
* * * LOW HITPOINT WARNING * * *
The six-headed hydra bites you but does no damage.
You feel a strong urge to attack something.
You feel your anger nearly subside.
You are no longer berserk.
You are exhausted.
You feel yourself slow down.
You feel the effects of Trog's Hand fading.
The six-headed hydra barely misses you. You furiously retaliate!
You headbutt the six-headed hydra!
The six-headed hydra bites you but does no damage.
The six-headed hydra barely misses you.
The six-headed hydra bites you but does no damage.
The six-headed hydra bites you!
* * * LOW HITPOINT WARNING * * *
The six-headed hydra bites you but does no damage.
The six-headed hydra bites you but does no damage.
The six-headed hydra bites you!
* * * LOW HITPOINT WARNING * * *
The six-headed hydra bites you but does no damage.
The six-headed hydra completely misses you.
The six-headed hydra bites you but does no damage.
The six-headed hydra barely misses you. The six-headed hydra bites you!
You die...

#.#. ..#####.#
.#.#..##.#)....#
.........#)##########
#..#..##.)...........
.............<.......
#.#....#.############
#.'............#
##....#.#####.#
#.....@#..#
#.....D#..#
.##.........#
.........##.#
.##+#.......# #
#.........## #.
#.........# #.
#.........#
#..#.........#


You could see a six-headed hydra.

Vanquished Creatures
  Pikel (D:5)
  A gargoyle (D:5)
  Grinder (D:3)
  A water moccasin (D:5)
  Duvessa (D:4)
  A sky beast (D:6)
  2 ice beasts
  3 ogres
  A centaur (D:5)
  A phantom (D:5)
  Blork the orc (D:4)
  A bullfrog (D:6)
  2 scorpions
  Dowan (D:4)
  A water moccasin skeleton (D:5)
  A centaur zombie (D:5)
  2 bullfrog skeletons
  2 hounds
  An iguana (D:6)
  A howler monkey skeleton (D:6)
  9 adders
  2 white imps (D:4)
  2 ufetubi
  2 worms
  2 dart slugs
  13 orcs
  5 bats
  6 endoplasms
  5 giant cockroaches
  7 goblins
  7 hobgoblins
  2 jackals (D:1)
  10 kobolds
  3 quokkas
  7 ball pythons
  2 frilled lizards
  A quokka skeleton (D:4)
  4 rats
115 creatures vanquished.

Notes
Turn   | Place    | Note
-------+----------+-------------------------------------------
     0 | D:1      | ticklebelly the Minotaur Berserker began the quest for the
                  | Orb.
     0 | D:1      | Reached XP level 1. HP: 19/19 MP: 0/0
   306 | D:1      | Reached XP level 2. HP: 23/27 MP: 1/1
   851 | D:2      | Reached XP level 3. HP: 21/33 MP: 2/2
  1113 | D:2      | Found a radiant altar of Vehumet.
  1137 | D:2      | Reached ** piety under Trog
  1249 | D:2      | Found a faded altar of an unknown god.
  1878 | D:3      | Noticed Grinder
  1886 | D:3      | Killed Grinder
  1887 | D:3      | Reached skill level 5 in Fighting
  1887 | D:3      | Reached skill level 5 in Axes
  1887 | D:3      | Reached XP level 4. HP: 42/42 MP: 3/3
  1887 | D:3      | Reached XP level 5. HP: 48/48 MP: 4/4
  1905 | D:3      | Reached XP level 6. HP: 49/56 MP: 5/5
  2102 | D:3      | Found a glowing golden altar of the Shining One.
  2108 | D:3      | Found an ornate altar of the Wu Jian Council.
  2114 | D:3      | Found a shimmering blue altar of Sif Muna.
  2830 | D:4      | Noticed Blork the orc
  3231 | D:4      | Killed Blork the orc
  3500 | D:4      | Found a shadowy altar of Dithmenos.
  3533 | D:4      | Reached skill level 1 in Evocations
  3568 | D:4      | Reached *** piety under Trog
  3569 | D:4      | Reached XP level 7. HP: 42/62 MP: 6/6
  3686 | D:4      | Noticed Dowan
  3686 | D:4      | Noticed Duvessa
  3697 | D:4      | Killed Duvessa
  3702 | D:4      | Killed Dowan
  4028 | D:4      | Found a radiant altar of Vehumet.
  4090 | D:5      | Entered Level 5 of the Dungeon
  4337 | D:5      | Reached skill level 5 in Armour
  4361 | D:6      | Reached XP level 8. HP: 24/71 MP: 7/7
  4646 | D:6      | Found Qeen's Jewellery Shoppe.
  4738 | D:6      | Reached skill level 5 in Dodging
  5143 | D:5      | Noticed a gargoyle
  5154 | D:5      | Killed a gargoyle
  5333 | D:5      | Found a staircase to the Ecumenical Temple.
  5466 | D:5      | Reached XP level 9. HP: 31/81 MP: 8/8
  5750 | D:5      | Noticed Pikel
  5767 | D:5      | Killed Pikel
  5953 | D:5      | Found an ancient bone altar of Kikubaaqudgha.
  6320 | D:6      | Found a sacrificial altar of Ru.
  6429 | D:7      | Noticed a six-headed hydra
  6447 | D:7      | HP: 3/82 [six-headed hydra (11)]
  6449 | D:7      | Slain by a six-headed hydra

Illustrated notes

Levels and vault maps discovered:
D:1:      arrival_zaba_pyramid, layout_basic
D:2:      layout_basic, hellmonk_ecumenical_altar_arch_garden, basic_altar,
          serial_glass, glass_columns_a, glass_columns_a, glass_columns_a,
          item_on_display_a, minmay_misc_feat_secret_circle,
          small_statue_intersection, minmay_indecisive_spiral
D:3:      layout_basic, minmay_overflow_temple_star_quad, grunt_ministairs_13,
          minmay_hedge_maze, lemuel_old_faithful, uniq_grinder
D:4:      layout_cave_pools, lemuel_coloured_pillars_altar,
          nicolae_vehumet_altar_sigil, minmay_misc_feat_nine_boxes,
          uniq_blork_the_orc, uniq_duvessa
D:5:      layout_basic, kennysheep_mini, minmay_temple_entry_offerings,
          st_stairs_9, uniq_pikel
D:6:      layout_cave_pools, nicolae_ru_path_of_blood, serial_shops,
          nicolae_shop_crystal, portal_sewer_entry_f, serial_column_ruins,
          column_ruins_hut_water, column_ruins_grid_5, column_ruins_grid_1,
          column_ruins_open_tiny, column_ruins_columns_straight
D:7:      layout_basic, nicolae_overflow_crystal_walls,
          mainiacjoe_overflow_alcove_1, serial_shops, nicolae_shop_waterfront,
          nicolae_shop_behind_doors

Skill      XL: |  1  2  3  4  5  6  7  8  9 |
---------------+----------------------------+-----
Fighting       | 4 5 6 8 |  8.5
Axes           | 4 5 6 7 8 |  8.5
Armour         | 3 4 5 6 7 |  7.3
Throwing       | 2 3 |  3.0
Dodging        | 3 4 6 |  6.7
Evocations     | 1 |  1.0

Action                   |  1- 3 |  4- 6 |  7- 9 || total
-------------------------+-------+-------+-------++-------
Melee: Hand axe          |    53 |       |       ||    53
       Headbutt          |    11 |     5 |    38 ||    54
       War axe           |    15 |    52 |   134 ||   201
       Flail             |       |       |     2 ||     2
Throw: Boomerang         |    37 |    52 |    11 ||   100
Invok: Berserk           |     2 |     1 |     5 ||     8
       Trog's Hand       |     1 |       |     3 ||     4
Armor: Animal skin       |    15 |     2 |       ||    17
       Chain mail        |       |    29 |    91 ||   120
       Ring mail         |       |     1 |       ||     1
Dodge: Dodged            |    54 |    52 |    92 ||   198
